[ AOE2 MATCH · #481474558 ]
UnrankedTurks vs Romans
[ REPLAY ANALYSIS · EXTRACTED FROM THE RECORDED GAME ]
Feudal
12:26
Castle
18:05
Imperial
—
| APM avg | 48.4 |
| APM peak | 108 |
| eAPM avg | 31.8 |
| Villagers / military | 93 / 55 |
Focus
⚔️ 13.4% · 🌾 86.6%
Scout Cavalry ×16 · Janissary ×14 · Knight ×8 · Mangonel ×7 · Battering Ram ×7 · Petard ×2
Feudal
10:48
Castle
14:19
Imperial
35:27
| APM avg | 25.6 |
| APM peak | 73 |
| eAPM avg | 16.5 |
| Villagers / military | 126 / 76 |
Focus
⚔️ 16.6% · 🌾 83.4%
Scorpion ×62 · Centurion ×8 · Mangonel ×4 · Trebuchet (Packed) ×2
Feudal
11:04
Castle
15:19
Imperial
41:48
| APM avg | 32.2 |
| APM peak | 81 |
| eAPM avg | 16.7 |
| Villagers / military | 104 / 4 |
Focus
⚔️ 18.9% · 🌾 81.1%
Unknown (1949) ×36 · Unknown (1944) ×3 · Monk ×2 · Petard ×2
Feudal
10:12
Castle
15:47
Imperial
34:19
| APM avg | 31.4 |
| APM peak | 55 |
| eAPM avg | 16.7 |
| Villagers / military | 124 / 67 |
Focus
⚔️ 30.1% · 🌾 69.9%
Archer ×61 · Unknown (1959) ×12 · Unknown (1942) ×9 · Mangonel ×5 · Monk ×1
Feudal
11:06
Castle
18:48
Imperial
37:31
| APM avg | 20.1 |
| APM peak | 40 |
| eAPM avg | 13.8 |
| Villagers / military | 139 / 55 |
Focus
⚔️ 20.1% · 🌾 79.9%
Knight ×47 · Obuch ×5 · Trebuchet (Packed) ×3
Feudal
10:57
Castle
14:39
Imperial
35:49
| APM avg | 54.2 |
| APM peak | 99 |
| eAPM avg | 29.9 |
| Villagers / military | 130 / 83 |
Focus
⚔️ 40.3% · 🌾 59.7%
Samurai ×58 · Battering Ram ×19 · Trebuchet (Packed) ×4 · Mangonel ×2
Match map
Initial resources + every placement click. Lines = walls · curves = elevation contours. ◆ gold · ⬟ stone · ● berries · ✦ relic · ◌ wall gap
Your base· ✓ Closed at 18:05 · 0t walls · 2 gate(s)
Admiral Ravioli's base· ✓ Closed at 14:19 · 0t walls · 2 gate(s)
CGSenpai's base· ✓ Closed at 15:19 · 0t walls · 3 gate(s)
aSweatyClown's base· ✓ Closed at 15:47 · 0t walls · 2 gate(s)
Leroy's Death's base· ✓ Closed at 18:48 · 0t walls · 3 gate(s)
Adan smasher's base· ✓ Closed at 14:39 · 0t walls · 3 gate(s)
Smoothed initial terrain · ◌ = detected wall gap · hover for details
Inputs per minute
— [MK5]EN.DIABLADO - - Admiral Ravioli
Build order — [MK5]EN.DIABLADO
First 150 of 251 actions detected
| 0:02 | Create | Villager (Male) |
| 0:02 | Create | Villager (Male) |
| 0:03 | Create | Villager (Male) |
| 0:03 | Create | Villager (Male) |
| 0:05 | Build | House |
| 0:08 | Build | House |
| 1:36 | Create | Villager (Male) |
| 1:57 | Build | Lumber Camp |
| 2:01 | Create | Villager (Male) |
| 2:38 | Create | Villager (Male) |
| 2:39 | Create | Villager (Male) |
| 2:56 | Create | Villager (Male) |
| 3:16 | Create | Villager (Male) |
| 3:38 | Research | Loom |
| 4:03 | Build | House |
| 4:09 | Create | Villager (Male) |
| 4:16 | Build | Mill |
| 4:19 | Create | Villager (Male) |
| 5:00 | Create | Villager (Male) |
| 5:28 | Create | Villager (Male) |
| 5:45 | Create | Villager (Male) |
| 6:06 | Build | Lumber Camp |
| 6:08 | Create | Villager (Male) |
| 6:28 | Create | Villager (Male) |
| 6:47 | Create | Villager (Male) |
| 6:54 | Build | House |
| 7:48 | Build | Mining Camp |
| 7:53 | Build | House |
| 7:56 | Create | Villager (Male) |
| 7:56 | Create | Villager (Male) |
| 8:35 | Build | Farm |
| 8:35 | Build | Farm |
| 8:35 | Build | Farm |
| 8:35 | Build | Farm |
| 8:35 | Build | Farm |
| 8:36 | Build | Farm |
| 8:41 | Create | Villager (Male) |
| 9:05 | Create | Villager (Male) |
| 9:05 | Create | Villager (Male) |
| 10:16 | Research | Feudal Age |
| 10:19 | Create | Villager (Male) |
| 11:03 | Create | Villager (Male) |
| 11:20 | Build | Farm |
| 11:20 | Build | Farm |
| 11:25 | Build | Farm |
| 11:25 | Build | Farm |
| 11:25 | Build | Farm |
| 11:25 | Build | Farm |
| 11:42 | Build | Farm |
| 11:43 | Build | Farm |
| 11:43 | Build | Farm |
| 11:43 | Build | Farm |
| 11:43 | Build | Farm |
| 11:43 | Build | Farm |
| 12:26 | Age | Feudal Age |
| 12:44 | Build | Market |
| 12:49 | Research | Double-Bit Axe |
| 12:53 | Create | Villager (Male) |
| 13:06 | Build | Mining Camp |
| 13:18 | Create | Villager (Male) |
| 13:37 | Build | House |
| 13:40 | Build | House |
| 13:44 | Create | Villager (Male) |
| 14:21 | Build | Blacksmith |
| 14:43 | Create | Villager (Male) |
| 15:25 | Research | Castle Age |
| 15:25 | Research | Castle Age |
| 15:27 | Research | Gold Mining |
| 16:37 | Create | Villager (Male) |
| 16:40 | Create | Villager (Male) |
| 16:51 | Build | Farm |
| 16:51 | Build | Farm |
| 16:51 | Build | Farm |
| 16:51 | Build | Farm |
| 16:55 | Build | Farm |
| 16:55 | Build | Farm |
| 16:55 | Build | Farm |
| 16:56 | Build | Farm |
| 17:02 | Create | Villager (Male) |
| 18:05 | Age | Castle Age |
| 18:11 | Build | University |
| 18:15 | Build | Monastery |
| 18:21 | Research | Horse Collar |
| 18:22 | Research | Bow Saw |
| 18:56 | Create | Villager (Male) |
| 18:59 | Create | Villager (Male) |
| 19:02 | Create | Monk |
| 19:06 | Build | Town Center |
| 19:44 | Create | Villager (Male) |
| 19:46 | Build | Farm |
| 19:46 | Build | Farm |
| 19:46 | Build | Farm |
| 19:47 | Build | Farm |
| 19:49 | Create | Villager (Male) |
| 20:23 | Create | Villager (Male) |
| 20:54 | Build | Castle |
| 20:58 | Build | House |
| 21:04 | Create | Villager (Male) |
| 22:20 | Create | Villager (Male) |
| 22:20 | Create | Villager (Male) |
| 22:22 | Create | Villager (Male) |
| 22:24 | Create | Villager (Male) |
| 23:15 | Build | Castle |
| 23:17 | Create | Villager (Male) |
| 23:54 | Build | Siege Workshop |
| 24:01 | Build | Stone Wall |
| 24:16 | Build | Barracks |
| 24:23 | Create | Janissary |
| 24:23 | Create | Janissary |
| 24:24 | Create | Janissary |
| 24:31 | Build | Siege Workshop |
| 24:32 | Create | Villager (Male) |
| 24:54 | Create | Villager (Male) |
| 24:55 | Create | Villager (Male) |
| 24:55 | Create | Villager (Male) |
| 24:55 | Create | Villager (Male) |
| 24:56 | Create | Villager (Male) |
| 24:56 | Create | Villager (Male) |
| 24:57 | Create | Villager (Male) |
| 25:22 | Create | Villager (Male) |
| 25:34 | Build | Stable |
| 25:42 | Research | Fletching |
| 26:08 | Create | Janissary |
| 26:09 | Create | Janissary |
| 26:14 | Create | Mangonel |
| 26:46 | Create | Mangonel |
| 26:46 | Create | Mangonel |
| 27:17 | Research | Bloodlines |
| 27:18 | Create | Scout Cavalry |
| 27:18 | Create | Knight |
| 27:18 | Create | Knight |
| 27:19 | Create | Knight |
| 27:22 | Build | Stable |
| 27:22 | Create | Villager (Male) |
| 27:24 | Create | Villager (Male) |
| 27:25 | Create | Villager (Male) |
| 27:25 | Create | Villager (Male) |
| 27:49 | Create | Villager (Male) |
| 27:49 | Create | Villager (Male) |
| 27:53 | Create | Villager (Male) |
| 27:57 | Create | Knight |
| 28:05 | Create | Janissary |
| 28:06 | Create | Janissary |
| 28:26 | Build | Town Center |
| 28:46 | Create | Battering Ram |
| 28:46 | Create | Battering Ram |
| 28:46 | Create | Battering Ram |
| 29:01 | Create | Villager (Male) |
| 29:01 | Create | Villager (Male) |
| 29:14 | Build | Farm |
Build order — Admiral Ravioli
First 150 of 306 actions detected
| 0:03 | Build | House |
| 0:04 | Build | House |
| 0:08 | Create | Villager (Male) |
| 0:08 | Create | Villager (Male) |
| 0:08 | Create | Villager (Male) |
| 0:27 | Create | Villager (Male) |
| 1:27 | Build | Lumber Camp |
| 1:35 | Build | Lumber Camp |
| 1:36 | Create | Villager (Male) |
| 2:12 | Create | Villager (Male) |
| 2:46 | Create | Villager (Male) |
| 2:46 | Create | Villager (Male) |
| 3:06 | Create | Villager (Male) |
| 3:35 | Create | Villager (Male) |
| 3:49 | Build | House |
| 4:09 | Create | Villager (Male) |
| 4:37 | Create | Villager (Male) |
| 5:09 | Create | Villager (Male) |
| 5:20 | Build | Mill |
| 5:22 | Create | Villager (Male) |
| 5:41 | Build | House |
| 5:42 | Build | House |
| 5:45 | Build | House |
| 5:49 | Create | Villager (Male) |
| 5:50 | Create | Villager (Male) |
| 6:23 | Create | Villager (Male) |
| 7:09 | Build | Mining Camp |
| 7:11 | Create | Villager (Male) |
| 7:19 | Create | Villager (Male) |
| 7:30 | Create | Villager (Male) |
| 8:27 | Build | Mill |
| 8:38 | Research | Feudal Age |
| 10:03 | Research | Loom |
| 10:10 | Create | Villager (Male) |
| 10:48 | Age | Feudal Age |
| 10:51 | Build | Market |
| 10:58 | Build | Blacksmith |
| 11:39 | Research | Castle Age |
| 12:06 | Build | Mill |
| 12:39 | Research | Horse Collar |
| 12:49 | Build | Farm |
| 13:22 | Build | Farm |
| 13:26 | Build | Farm |
| 13:45 | Build | Farm |
| 14:19 | Age | Castle Age |
| 14:26 | Create | Villager (Male) |
| 15:02 | Create | Villager (Male) |
| 15:05 | Build | Town Center |
| 15:08 | Create | Villager (Male) |
| 15:08 | Create | Villager (Male) |
| 15:22 | Research | Double-Bit Axe |
| 16:15 | Build | Palisade Wall |
| 16:19 | Create | Villager (Male) |
| 16:20 | Create | Villager (Male) |
| 16:20 | Create | Villager (Male) |
| 16:32 | Build | Stone Wall |
| 16:34 | Create | Villager (Male) |
| 16:35 | Create | Villager (Male) |
| 16:52 | Create | Villager (Male) |
| 16:52 | Create | Villager (Male) |
| 17:13 | Build | Mining Camp |
| 17:24 | Create | Villager (Male) |
| 17:44 | Build | Stone Wall |
| 17:57 | Research | Stone Mining |
| 18:02 | Create | Villager (Male) |
| 18:02 | Create | Villager (Male) |
| 18:18 | Build | Town Center |
| 18:25 | Create | Villager (Male) |
| 18:25 | Create | Villager (Male) |
| 18:42 | Build | Stone Wall |
| 18:43 | Build | Stone Wall |
| 19:14 | Build | Stone Wall |
| 19:39 | Build | Farm |
| 19:48 | Build | Siege Workshop |
| 20:08 | Build | Stone Wall |
| 20:09 | Build | Stone Wall |
| 20:28 | Create | Mangonel |
| 21:08 | Build | Stone Wall |
| 21:13 | Create | Villager (Male) |
| 21:13 | Create | Villager (Male) |
| 21:23 | Create | Mangonel |
| 22:02 | Build | Outpost |
| 22:03 | Create | Villager (Male) |
| 22:04 | Create | Villager (Male) |
| 22:12 | Build | House |
| 22:13 | Build | House |
| 22:14 | Build | House |
| 22:14 | Build | House |
| 22:15 | Build | House |
| 22:18 | Create | Villager (Male) |
| 22:32 | Build | Market |
| 22:59 | Create | Villager (Male) |
| 23:12 | Create | Villager (Male) |
| 23:32 | Create | Mangonel |
| 23:47 | Create | Villager (Male) |
| 23:59 | Build | Castle |
| 24:05 | Create | Villager (Male) |
| 24:05 | Create | Villager (Male) |
| 24:11 | Build | Stone Wall |
| 24:12 | Create | Villager (Male) |
| 24:26 | Build | Town Center |
| 24:39 | Research | Heavy Plow |
| 24:50 | Create | Villager (Male) |
| 25:19 | Create | Villager (Male) |
| 25:50 | Build | Farm |
| 25:51 | Build | Farm |
| 25:51 | Create | Villager (Male) |
| 25:52 | Create | Villager (Male) |
| 25:52 | Create | Villager (Male) |
| 25:59 | Build | Farm |
| 25:59 | Build | Farm |
| 25:59 | Build | Farm |
| 26:00 | Build | Farm |
| 26:00 | Build | Farm |
| 26:00 | Build | Farm |
| 26:03 | Build | Farm |
| 26:22 | Create | Villager (Male) |
| 26:26 | Build | Farm |
| 26:30 | Build | Farm |
| 26:33 | Build | Farm |
| 26:37 | Create | Villager (Male) |
| 26:37 | Create | Villager (Male) |
| 26:49 | Build | Farm |
| 26:52 | Create | Villager (Male) |
| 27:02 | Build | Farm |
| 27:10 | Build | Farm |
| 27:13 | Build | Farm |
| 27:29 | Research | Bow Saw |
| 27:29 | Research | Bow Saw |
| 27:30 | Create | Villager (Male) |
| 27:44 | Create | Centurion |
| 27:53 | Create | Centurion |
| 27:56 | Build | Farm |
| 28:00 | Build | Farm |
| 28:01 | Create | Villager (Male) |
| 28:16 | Create | Villager (Male) |
| 28:16 | Create | Villager (Male) |
| 28:22 | Build | Farm |
| 28:23 | Build | Farm |
| 28:26 | Build | Farm |
| 28:26 | Build | Farm |
| 28:29 | Build | Farm |
| 28:40 | Create | Villager (Male) |
| 28:40 | Create | Villager (Male) |
| 28:43 | Build | Farm |
| 28:45 | Create | Villager (Male) |
| 28:45 | Create | Villager (Male) |
| 28:56 | Build | Lumber Camp |
| 29:05 | Create | Villager (Male) |
| 29:05 | Create | Villager (Male) |
Build order — CGSenpai
First 150 of 214 actions detected
| 0:01 | Create | Villager (Male) |
| 0:02 | Create | Villager (Male) |
| 0:02 | Create | Villager (Male) |
| 0:02 | Create | Villager (Male) |
| 0:04 | Build | House |
| 0:06 | Build | House |
| 1:25 | Create | Villager (Male) |
| 1:50 | Build | Lumber Camp |
| 1:51 | Create | Villager (Male) |
| 2:23 | Create | Villager (Male) |
| 3:04 | Create | Villager (Male) |
| 3:04 | Create | Villager (Male) |
| 3:35 | Build | House |
| 3:55 | Create | Villager (Male) |
| 3:58 | Create | Villager (Male) |
| 4:58 | Create | Villager (Male) |
| 4:59 | Create | Villager (Male) |
| 4:59 | Create | Villager (Male) |
| 4:59 | Create | Villager (Male) |
| 5:35 | Build | Mill |
| 5:45 | Create | Villager (Male) |
| 7:05 | Create | Villager (Male) |
| 7:06 | Create | Villager (Male) |
| 7:06 | Create | Villager (Male) |
| 7:11 | Build | House |
| 7:13 | Research | Loom |
| 7:15 | Create | Villager (Male) |
| 7:15 | Create | Villager (Male) |
| 7:15 | Create | Villager (Male) |
| 8:16 | Build | Mining Camp |
| 8:18 | Research | Feudal Age |
| 8:36 | Build | Mill |
| 11:04 | Age | Feudal Age |
| 11:12 | Build | Market |
| 11:19 | Build | Blacksmith |
| 11:26 | Create | Villager (Male) |
| 11:26 | Create | Villager (Male) |
| 12:05 | Build | Mining Camp |
| 12:39 | Research | Castle Age |
| 13:18 | Research | Double-Bit Axe |
| 14:21 | Build | Barracks |
| 15:19 | Age | Castle Age |
| 15:21 | Build | Town Center |
| 16:20 | Create | Villager (Male) |
| 16:21 | Create | Villager (Male) |
| 16:26 | Build | House |
| 16:28 | Build | House |
| 16:29 | Build | House |
| 16:30 | Build | House |
| 16:32 | Build | House |
| 16:36 | Research | Town Watch |
| 16:38 | Research | Wheelbarrow |
| 16:59 | Build | Farm |
| 16:59 | Build | Farm |
| 17:00 | Build | Farm |
| 17:00 | Build | Farm |
| 17:01 | Build | Farm |
| 17:02 | Build | Farm |
| 17:57 | Build | Castle |
| 17:59 | Create | Villager (Male) |
| 18:00 | Create | Villager (Male) |
| 18:03 | Research | Scale Barding Armor |
| 18:03 | Research | Forging |
| 18:10 | Build | Farm |
| 18:12 | Build | Farm |
| 18:20 | Create | Villager (Male) |
| 18:20 | Create | Villager (Male) |
| 18:29 | Create | Villager (Male) |
| 18:30 | Create | Villager (Male) |
| 18:30 | Create | Villager (Male) |
| 18:30 | Create | Villager (Male) |
| 20:15 | Create | Villager (Male) |
| 20:15 | Create | Villager (Male) |
| 20:15 | Create | Villager (Male) |
| 20:29 | Build | Stable |
| 20:31 | Build | Stable |
| 20:32 | Build | Stable |
| 20:52 | Build | Castle |
| 21:23 | Create | Unit 1944 |
| 21:43 | Create | Unit 1944 |
| 21:44 | Create | Unit 1944 |
| 21:59 | Create | Villager (Male) |
| 22:16 | Build | Town Center |
| 22:46 | Build | Lumber Camp |
| 22:54 | Create | Unit 1949 |
| 23:42 | Create | Unit 1949 |
| 24:00 | Build | Town Center |
| 24:30 | Create | Villager (Male) |
| 24:31 | Create | Villager (Male) |
| 24:31 | Create | Villager (Male) |
| 24:31 | Create | Villager (Male) ×2 |
| 24:42 | Build | Castle |
| 25:05 | Create | Unit 1949 |
| 25:21 | Build | Farm |
| 25:42 | Build | Farm |
| 25:43 | Build | Farm |
| 25:43 | Build | Farm |
| 25:45 | Build | Farm |
| 25:45 | Build | Farm |
| 25:53 | Research | Husbandry |
| 26:18 | Build | Farm |
| 26:22 | Build | Farm |
| 26:27 | Build | Farm |
| 26:37 | Build | Farm |
| 26:43 | Build | Farm |
| 26:50 | Create | Unit 1949 |
| 26:50 | Create | Unit 1949 |
| 26:54 | Create | Villager (Male) |
| 26:54 | Create | Villager (Male) |
| 26:54 | Create | Villager (Male) |
| 27:00 | Build | Farm |
| 27:08 | Research | Horse Collar |
| 28:28 | Create | Villager (Male) |
| 28:30 | Create | Villager (Male) |
| 28:30 | Create | Villager (Male) |
| 28:30 | Create | Villager (Male) |
| 28:36 | Research | Gold Mining |
| 28:39 | Research | Bow Saw |
| 29:08 | Build | Town Center |
| 29:26 | Research | Chain Barding Armor |
| 29:30 | Build | Farm |
| 29:30 | Build | Farm |
| 29:31 | Build | Farm |
| 29:43 | Research | Forging |
| 30:07 | Build | Town Center |
| 30:25 | Build | Farm |
| 30:25 | Build | Farm |
| 30:34 | Research | Bloodlines |
| 30:38 | Research | Town Watch |
| 31:04 | Research | Tech 1061 |
| 31:07 | Create | Villager (Male) |
| 31:08 | Create | Villager (Male) |
| 31:08 | Create | Villager (Male) |
| 31:09 | Create | Villager (Male) |
| 31:09 | Create | Villager (Male) |
| 32:03 | Create | Villager (Male) ×5 |
| 32:03 | Create | Villager (Male) ×5 |
| 32:09 | Build | Farm |
| 32:09 | Build | Farm |
| 32:25 | Research | Iron Casting |
| 32:54 | Build | Lumber Camp |
| 33:04 | Create | Villager (Male) |
| 33:04 | Create | Villager (Male) |
| 33:04 | Create | Villager (Male) |
| 33:05 | Create | Villager (Male) |
| 33:05 | Create | Villager (Male) |
| 33:05 | Create | Villager (Male) |
| 33:24 | Build | Town Center |
| 33:51 | Create | Villager (Male) |
| 33:52 | Create | Villager (Male) |
Build order — aSweatyClown
First 150 of 325 actions detected
| 0:01 | Create | Villager (Male) |
| 0:01 | Create | Villager (Male) |
| 0:01 | Create | Villager (Male) |
| 0:03 | Build | House |
| 0:04 | Build | House |
| 0:36 | Create | Villager (Male) |
| 1:37 | Create | Villager (Male) |
| 1:49 | Build | Lumber Camp |
| 1:54 | Create | Villager (Male) |
| 2:18 | Create | Villager (Male) |
| 2:58 | Create | Villager (Male) |
| 3:21 | Create | Villager (Male) |
| 3:40 | Create | Villager (Male) |
| 3:53 | Build | House |
| 3:54 | Build | House |
| 4:05 | Create | Villager (Male) |
| 4:29 | Build | Mill |
| 4:32 | Create | Villager (Male) |
| 4:48 | Create | Villager (Male) |
| 5:16 | Create | Villager (Male) |
| 5:20 | Create | Villager (Male) |
| 5:38 | Create | Villager (Male) |
| 6:20 | Create | Villager (Male) |
| 6:54 | Create | Villager (Male) |
| 7:30 | Create | Villager (Male) |
| 7:47 | Build | Mining Camp |
| 8:02 | Research | Feudal Age |
| 8:41 | Build | House |
| 8:46 | Create | Villager (Male) |
| 8:48 | Create | Villager (Male) |
| 10:12 | Age | Feudal Age |
| 10:15 | Research | Double-Bit Axe |
| 10:18 | Build | Blacksmith |
| 10:25 | Build | Market |
| 10:42 | Create | Villager (Male) |
| 11:09 | Create | Villager (Male) |
| 11:31 | Build | House |
| 11:45 | Build | Mill |
| 11:48 | Create | Villager (Male) |
| 12:09 | Create | Villager (Male) |
| 12:34 | Create | Villager (Male) |
| 12:51 | Research | Castle Age |
| 13:03 | Build | Barracks |
| 13:20 | Create | Villager (Male) |
| 13:21 | Create | Villager (Male) |
| 13:24 | Research | Loom |
| 13:25 | Create | Villager (Male) |
| 13:25 | Create | Villager (Male) |
| 14:10 | Research | Horse Collar |
| 14:12 | Build | Farm |
| 14:15 | Build | Archery Range |
| 14:20 | Build | Farm |
| 14:26 | Build | Farm |
| 14:30 | Build | Farm |
| 14:33 | Build | Farm |
| 14:47 | Build | House |
| 14:48 | Build | House |
| 15:36 | Create | Archer |
| 15:47 | Age | Castle Age |
| 15:50 | Build | Farm |
| 15:55 | Build | Siege Workshop |
| 15:56 | Research | Crossbowman (upgrade) |
| 16:26 | Research | Bow Saw |
| 16:32 | Create | Archer |
| 16:42 | Create | Villager (Male) |
| 16:50 | Create | Mangonel |
| 17:05 | Create | Archer |
| 17:28 | Research | Fletching |
| 17:29 | Create | Villager (Male) |
| 17:34 | Build | Farm |
| 17:52 | Create | Archer |
| 18:01 | Create | Mangonel |
| 18:03 | Create | Villager (Male) |
| 18:04 | Create | Villager (Male) |
| 18:19 | Create | Archer |
| 18:42 | Create | Archer |
| 18:43 | Create | Archer |
| 18:47 | Create | Villager (Male) |
| 18:56 | Create | Villager (Male) |
| 19:11 | Research | Wheelbarrow |
| 19:14 | Build | House |
| 19:15 | Build | House |
| 19:47 | Create | Villager (Male) |
| 19:47 | Create | Villager (Male) |
| 20:15 | Create | Villager (Male) |
| 20:20 | Create | Villager (Male) |
| 20:20 | Create | Villager (Male) |
| 20:24 | Build | University |
| 20:25 | Research | Bodkin Arrow |
| 20:33 | Create | Archer |
| 20:41 | Create | Villager (Male) |
| 21:03 | Build | Town Center |
| 21:14 | Create | Villager (Male) |
| 21:19 | Create | Villager (Male) |
| 21:23 | Create | Archer |
| 21:23 | Create | Archer |
| 21:25 | Research | Ballistics |
| 21:27 | Build | House |
| 21:27 | Build | House |
| 21:29 | Build | House |
| 21:29 | Build | House |
| 21:30 | Create | Villager (Male) |
| 21:30 | Create | Villager (Male) |
| 21:35 | Create | Villager (Male) |
| 21:54 | Create | Villager (Male) |
| 21:59 | Create | Villager (Male) |
| 21:59 | Create | Villager (Male) |
| 22:04 | Create | Archer |
| 22:04 | Create | Archer |
| 22:44 | Create | Villager (Male) |
| 22:44 | Create | Villager (Male) |
| 22:45 | Create | Mangonel |
| 22:50 | Build | Outpost |
| 22:59 | Create | Archer |
| 22:59 | Create | Archer |
| 23:01 | Build | Farm |
| 23:02 | Build | Farm |
| 23:09 | Build | Farm |
| 23:11 | Build | Farm |
| 23:11 | Create | Villager (Male) |
| 23:12 | Create | Villager (Male) |
| 23:21 | Create | Villager (Male) |
| 23:21 | Create | Villager (Male) |
| 23:34 | Build | Siege Workshop |
| 23:44 | Create | Villager (Male) |
| 23:45 | Create | Villager (Male) |
| 23:50 | Create | Villager (Male) |
| 24:03 | Build | Town Center |
| 24:19 | Create | Villager (Male) |
| 24:19 | Create | Villager (Male) |
| 24:19 | Create | Mangonel |
| 24:36 | Create | Villager (Male) |
| 24:39 | Build | Outpost |
| 24:41 | Build | Outpost |
| 24:44 | Build | House |
| 24:44 | Build | House |
| 24:44 | Build | House |
| 24:44 | Build | House |
| 24:45 | Create | Villager (Male) |
| 24:57 | Create | Villager (Male) |
| 25:06 | Build | House |
| 25:18 | Create | Villager (Male) |
| 25:25 | Create | Villager (Male) |
| 25:54 | Build | Castle |
| 25:58 | Create | Mangonel |
| 26:00 | Create | Villager (Male) |
| 26:00 | Create | Villager (Male) |
| 26:02 | Create | Archer |
| 26:02 | Create | Archer |
| 26:05 | Build | Outpost |
Build order — Leroy's Death
First 150 of 341 actions detected
| 0:12 | Create | Villager (Male) |
| 0:12 | Create | Villager (Male) |
| 0:12 | Create | Villager (Male) |
| 0:12 | Create | Villager (Male) |
| 0:21 | Build | House |
| 1:38 | Build | Mill |
| 2:01 | Create | Villager (Male) |
| 2:01 | Create | Villager (Male) |
| 2:23 | Create | Villager (Male) |
| 2:51 | Create | Villager (Male) |
| 3:23 | Create | Villager (Male) |
| 3:23 | Create | Villager (Male) |
| 3:41 | Create | Villager (Male) |
| 3:42 | Create | Villager (Male) |
| 4:17 | Create | Villager (Male) |
| 4:24 | Build | House |
| 4:28 | Create | Villager (Male) |
| 4:45 | Create | Villager (Male) |
| 4:45 | Create | Villager (Male) |
| 5:04 | Build | Lumber Camp |
| 5:22 | Create | Villager (Male) |
| 5:22 | Create | Villager (Male) |
| 6:15 | Create | Villager (Male) |
| 6:15 | Create | Villager (Male) |
| 6:25 | Create | Villager (Male) |
| 6:39 | Create | Villager (Male) |
| 6:48 | Build | Mill |
| 7:00 | Create | Villager (Male) |
| 8:52 | Research | Feudal Age |
| 9:28 | Create | Villager (Male) |
| 9:28 | Create | Villager (Male) |
| 11:04 | Create | Villager (Male) |
| 11:04 | Create | Villager (Male) |
| 11:06 | Age | Feudal Age |
| 11:07 | Research | Double-Bit Axe |
| 11:15 | Build | House |
| 11:39 | Build | House |
| 11:59 | Research | Loom |
| 12:00 | Create | Villager (Male) |
| 12:00 | Create | Villager (Male) |
| 13:05 | Build | Barracks |
| 13:08 | Build | Blacksmith |
| 13:38 | Create | Villager (Male) |
| 13:38 | Create | Villager (Male) |
| 13:39 | Create | Villager (Male) |
| 13:39 | Create | Villager (Male) |
| 13:46 | Research | Horse Collar |
| 14:07 | Build | Stable |
| 14:58 | Build | Mining Camp |
| 15:01 | Build | Mining Camp |
| 15:14 | Create | Villager (Male) |
| 15:15 | Create | Villager (Male) |
| 15:47 | Build | Farm |
| 15:48 | Build | Farm |
| 15:49 | Build | Farm |
| 15:53 | Research | Castle Age |
| 16:09 | Build | Farm |
| 16:11 | Build | Farm |
| 16:36 | Research | Stone Mining |
| 16:46 | Build | Farm |
| 17:04 | Build | Mining Camp |
| 17:13 | Research | Gold Mining |
| 17:23 | Build | House |
| 17:24 | Build | House |
| 17:24 | Build | House |
| 18:18 | Build | Farm |
| 18:19 | Build | Farm |
| 18:22 | Create | Villager (Male) |
| 18:48 | Age | Castle Age |
| 18:55 | Research | Bow Saw |
| 19:01 | Research | Heavy Plow |
| 19:04 | Create | Villager (Male) |
| 19:28 | Create | Villager (Male) |
| 19:36 | Build | Castle |
| 19:50 | Build | Town Center |
| 20:00 | Build | Town Center |
| 20:04 | Create | Villager (Male) |
| 20:04 | Create | Villager (Male) |
| 20:05 | Create | Villager (Male) |
| 20:20 | Research | Bow Saw |
| 20:29 | Create | Villager (Male) |
| 21:05 | Build | Farm |
| 21:06 | Build | Farm |
| 21:07 | Build | Farm |
| 21:08 | Build | Farm |
| 21:09 | Build | Farm |
| 21:10 | Build | Farm |
| 21:19 | Build | Farm |
| 21:24 | Create | Villager (Male) |
| 21:25 | Create | Villager (Male) |
| 21:26 | Create | Villager (Male) |
| 22:01 | Create | Villager (Male) |
| 22:02 | Create | Villager (Male) |
| 22:03 | Create | Villager (Male) |
| 22:06 | Create | Villager (Male) |
| 22:14 | Build | Mill |
| 22:16 | Build | Farm |
| 22:16 | Build | Farm |
| 22:18 | Build | Farm |
| 22:20 | Build | Farm |
| 22:22 | Create | Villager (Male) |
| 22:23 | Create | Villager (Male) |
| 22:25 | Create | Villager (Male) |
| 22:26 | Create | Villager (Male) |
| 22:43 | Build | Lumber Camp |
| 22:47 | Create | Villager (Male) |
| 22:47 | Create | Villager (Male) |
| 22:48 | Create | Villager (Male) |
| 22:48 | Create | Villager (Male) |
| 23:01 | Create | Villager (Male) |
| 23:09 | Build | Farm |
| 23:19 | Build | Farm |
| 23:47 | Create | Obuch |
| 23:48 | Create | Obuch |
| 23:50 | Create | Obuch |
| 23:53 | Create | Knight |
| 23:58 | Build | Stone Wall |
| 24:21 | Create | Obuch |
| 24:32 | Create | Obuch |
| 24:34 | Create | Knight |
| 24:51 | Create | Knight |
| 24:57 | Build | Gate |
| 25:11 | Build | Stable |
| 25:31 | Create | Knight |
| 25:58 | Create | Knight |
| 26:11 | Create | Villager (Male) |
| 26:11 | Create | Villager (Male) |
| 26:12 | Create | Villager (Male) |
| 26:13 | Create | Villager (Male) |
| 26:13 | Create | Villager (Male) |
| 26:13 | Create | Villager (Male) |
| 26:15 | Create | Villager (Male) |
| 26:17 | Create | Villager (Male) |
| 26:17 | Create | Villager (Male) |
| 26:17 | Create | Villager (Male) |
| 26:38 | Create | Knight |
| 27:08 | Build | Farm |
| 27:21 | Create | Knight |
| 27:31 | Build | Mining Camp |
| 27:55 | Build | Mill |
| 27:56 | Build | Farm |
| 27:59 | Build | Farm |
| 28:03 | Research | Wheelbarrow |
| 28:04 | Create | Villager (Male) |
| 28:05 | Create | Villager (Male) |
| 28:11 | Build | House |
| 28:11 | Build | House |
| 28:22 | Research | Bloodlines |
| 28:25 | Create | Knight |
| 28:29 | Create | Knight |
Build order — Adan smasher
First 150 of 324 actions detected
| 0:01 | Create | Villager (Male) |
| 0:01 | Create | Villager (Male) |
| 0:02 | Build | House |
| 0:03 | Build | House |
| 0:04 | Create | Villager (Male) |
| 0:07 | Create | Villager (Male) |
| 0:07 | Create | Villager (Male) |
| 1:36 | Create | Villager (Male) |
| 2:03 | Create | Villager (Male) |
| 2:08 | Build | Lumber Camp |
| 2:28 | Create | Villager (Male) |
| 2:28 | Create | Villager (Male) |
| 2:57 | Create | Villager (Male) |
| 3:13 | Build | Mill |
| 3:34 | Create | Villager (Male) |
| 3:45 | Build | House |
| 3:46 | Build | House |
| 3:49 | Create | Villager (Male) |
| 3:49 | Create | Villager (Male) |
| 4:24 | Create | Villager (Male) |
| 4:58 | Create | Villager (Male) |
| 5:10 | Create | Villager (Male) |
| 5:12 | Create | Villager (Male) |
| 5:29 | Create | Villager (Male) |
| 5:37 | Create | Villager (Male) |
| 6:02 | Create | Villager (Male) |
| 6:19 | Build | Farm |
| 6:21 | Build | Farm |
| 6:22 | Build | Farm |
| 7:32 | Create | Villager (Male) |
| 7:39 | Build | Mining Camp |
| 7:50 | Create | Villager (Male) |
| 8:21 | Create | Villager (Male) |
| 8:33 | Build | Mill |
| 8:39 | Research | Feudal Age |
| 10:27 | Build | House |
| 10:40 | Create | Villager (Male) |
| 10:57 | Age | Feudal Age |
| 11:00 | Build | Market |
| 11:02 | Build | Blacksmith |
| 11:14 | Create | Villager (Male) |
| 11:29 | Build | Farm |
| 11:53 | Build | Mining Camp |
| 11:54 | Research | Castle Age |
| 12:32 | Research | Scale Mail Armor |
| 13:06 | Build | House |
| 13:07 | Create | Villager (Male) |
| 13:20 | Research | Horse Collar |
| 13:21 | Research | Double-Bit Axe |
| 13:39 | Build | House |
| 13:50 | Research | Loom |
| 14:24 | Build | House |
| 14:36 | Create | Villager (Male) |
| 14:39 | Age | Castle Age |
| 14:51 | Create | Villager (Male) |
| 14:55 | Build | House |
| 14:57 | Create | Villager (Male) |
| 15:07 | Build | Farm |
| 15:07 | Build | Farm |
| 15:11 | Research | Bow Saw |
| 15:55 | Create | Villager (Male) |
| 15:58 | Build | Castle |
| 16:03 | Create | Villager (Male) |
| 16:08 | Create | Villager (Male) |
| 16:16 | Create | Villager (Male) |
| 16:39 | Build | Siege Workshop |
| 16:40 | Create | Villager (Male) |
| 16:43 | Create | Villager (Male) |
| 16:54 | Build | Farm |
| 16:56 | Build | Farm |
| 16:58 | Create | Villager (Male) |
| 17:16 | Build | Farm |
| 17:24 | Create | Villager (Male) |
| 17:36 | Research | Gold Mining |
| 17:41 | Create | Mangonel |
| 17:43 | Create | Battering Ram |
| 17:43 | Create | Battering Ram |
| 17:49 | Create | Villager (Male) |
| 17:52 | Build | Farm |
| 18:31 | Create | Battering Ram |
| 18:31 | Create | Battering Ram |
| 18:43 | Create | Samurai |
| 18:43 | Create | Samurai |
| 18:44 | Create | Villager (Male) |
| 19:03 | Create | Samurai |
| 19:03 | Create | Samurai |
| 19:05 | Build | Farm |
| 19:06 | Build | Farm |
| 19:12 | Create | Samurai |
| 19:13 | Create | Villager (Male) |
| 19:33 | Create | Battering Ram |
| 19:59 | Create | Samurai |
| 19:59 | Create | Samurai |
| 20:02 | Create | Villager (Male) |
| 20:09 | Create | Samurai |
| 20:22 | Build | Farm |
| 20:29 | Create | Samurai |
| 20:29 | Create | Samurai |
| 20:31 | Create | Villager (Male) |
| 20:33 | Build | Farm |
| 20:40 | Build | Lumber Camp |
| 20:57 | Create | Villager (Male) |
| 21:05 | Build | Mining Camp |
| 21:21 | Create | Villager (Male) |
| 21:33 | Create | Mangonel |
| 21:39 | Create | Villager (Male) |
| 21:40 | Build | House |
| 21:41 | Build | House |
| 21:47 | Create | Villager (Male) |
| 22:17 | Create | Villager (Male) |
| 22:19 | Create | Samurai |
| 22:19 | Create | Samurai |
| 22:19 | Create | Samurai |
| 22:29 | Create | Villager (Male) |
| 22:36 | Research | Heavy Plow |
| 22:36 | Research | Heavy Plow |
| 22:58 | Create | Samurai |
| 23:00 | Create | Battering Ram |
| 23:00 | Create | Battering Ram |
| 23:10 | Build | House |
| 23:34 | Research | Chain Mail Armor |
| 23:52 | Create | Samurai |
| 23:53 | Create | Samurai |
| 23:55 | Create | Battering Ram |
| 24:45 | Create | Villager (Male) |
| 24:46 | Create | Samurai |
| 24:46 | Create | Samurai |
| 25:03 | Create | Villager (Male) |
| 25:18 | Create | Villager (Male) |
| 25:19 | Research | Forging |
| 25:22 | Build | Town Center |
| 25:37 | Create | Villager (Male) |
| 25:44 | Create | Villager (Male) |
| 25:47 | Build | Town Center |
| 25:52 | Create | Villager (Male) |
| 26:03 | Create | Battering Ram |
| 26:03 | Create | Battering Ram |
| 26:09 | Create | Villager (Male) |
| 26:15 | Create | Villager (Male) |
| 26:31 | Create | Villager (Male) |
| 26:40 | Create | Samurai |
| 26:40 | Create | Samurai |
| 26:42 | Create | Villager (Male) |
| 26:44 | Build | House |
| 26:44 | Build | House |
| 26:45 | Create | Villager (Male) |
| 27:03 | Create | Villager (Male) |
| 27:05 | Build | Farm |
| 27:06 | Create | Villager (Male) |
| 27:09 | Build | Farm |
Match timeline
| 10:12 | aSweatyClown · age_up feudal |
| 10:48 | Admiral Ravioli · age_up feudal |
| 10:57 | Adan smasher · age_up feudal |
| 11:04 | CGSenpai · age_up feudal |
| 11:06 | Leroy's Death · age_up feudal |
| 12:26 | [MK5]EN.DIABLADO · age_up feudal |
| 12:38 | aSweatyClown · first_market_buy 100 food |
| 12:41 | aSweatyClown · first_market_sell 100 stone |
| 13:03 | aSweatyClown · first_building Barracks |
| 13:05 | Leroy's Death · first_building Barracks |
| 14:03 | [MK5]EN.DIABLADO · first_market_buy 100 food |
| 14:07 | Leroy's Death · first_building Stable |
| 14:15 | aSweatyClown · first_building Archery Range |
| 14:19 | Admiral Ravioli · age_up castle |
| 14:21 | CGSenpai · first_building Barracks |
| 14:39 | Adan smasher · age_up castle |
| 15:19 | CGSenpai · age_up castle |
| 15:20 | Admiral Ravioli · first_market_buy 100 wood |
| 15:47 | aSweatyClown · age_up castle |
| 15:55 | aSweatyClown · first_building Siege Workshop |
| 15:58 | Adan smasher · first_building Castle |
| 16:15 | Admiral Ravioli · wall_segment Palisade Wall x1 |
| 16:32 | Admiral Ravioli · wall_segment Stone Wall x1 |
| 16:39 | Adan smasher · first_building Siege Workshop |
| 17:01 | [MK5]EN.DIABLADO · first_market_sell 100 wood |
| 17:44 | Admiral Ravioli · wall_segment Stone Wall x8 |
| 17:57 | CGSenpai · first_building Castle |
| 18:05 | [MK5]EN.DIABLADO · age_up castle |
| 18:15 | [MK5]EN.DIABLADO · first_building Monastery |
| 18:26 | CGSenpai · first_market_buy 100 food |
| 18:42 | Admiral Ravioli · wall_segment Stone Wall x5 |
| 18:43 | Admiral Ravioli · wall_segment Stone Wall x1 |
| 18:48 | Leroy's Death · age_up castle |
| 19:02 | Adan smasher · first_market_buy 100 food |
| 19:14 | Admiral Ravioli · wall_segment Stone Wall x3 |
| 19:36 | Leroy's Death · first_building Castle |
| 19:48 | Admiral Ravioli · first_building Siege Workshop |
| 20:08 | Admiral Ravioli · wall_segment Stone Wall x2 |
| 20:09 | Admiral Ravioli · wall_segment Stone Wall x5 |
| 20:29 | CGSenpai · first_building Stable |
| 20:54 | [MK5]EN.DIABLADO · first_building Castle |
| 21:08 | Admiral Ravioli · wall_segment Stone Wall x5 |
| 23:54 | [MK5]EN.DIABLADO · first_building Siege Workshop |
| 23:58 | Leroy's Death · wall_segment Stone Wall x4 |
| 23:59 | Admiral Ravioli · first_building Castle |
| 24:01 | [MK5]EN.DIABLADO · wall_segment Stone Wall x5 |
| 24:11 | Admiral Ravioli · wall_segment Stone Wall x8 |
| 24:16 | [MK5]EN.DIABLADO · first_building Barracks |
| 24:56 | CGSenpai · first_market_sell 100 wood |
| 25:34 | [MK5]EN.DIABLADO · first_building Stable |
| 25:54 | aSweatyClown · first_building Castle |
| 27:29 | aSweatyClown · first_building Monastery |
| 29:29 | Adan smasher · first_market_sell 100 wood |
| 29:32 | [MK5]EN.DIABLADO · wall_segment Stone Wall x5 |
| 31:47 | Admiral Ravioli · first_building Barracks |
| 32:39 | Admiral Ravioli · wall_segment Stone Wall x1 |
| 32:40 | Admiral Ravioli · wall_segment Stone Wall x1 |
| 32:41 | Admiral Ravioli · wall_segment Stone Wall x1 |
| 33:19 | Admiral Ravioli · first_market_sell 100 wood |
| 34:19 | aSweatyClown · age_up imperial |
| 34:38 | [MK5]EN.DIABLADO · first_building Archery Range |
| 34:48 | Admiral Ravioli · wall_segment Stone Wall x3 |
| 34:58 | CGSenpai · first_building Monastery |
| 35:27 | Admiral Ravioli · age_up imperial |
| 35:49 | Adan smasher · age_up imperial |
| 37:02 | CGSenpai · first_building Siege Workshop |
| 37:31 | Leroy's Death · age_up imperial |
| 38:36 | Admiral Ravioli · wall_segment Stone Wall x5 |
| 40:14 | Admiral Ravioli · wall_segment Stone Wall x1 |
| 40:47 | Admiral Ravioli · wall_segment Stone Wall x5 |
| 41:42 | Adan smasher · resign |
| 41:48 | CGSenpai · age_up imperial |
[ AI ANALYSIS · 1 CREDIT ]
What really happened in this match?
Wolo.gg analyzes every decision: build order, eco, micro, common mistakes by bracket. Personalized analysis on WhatsApp or Discord in 30 seconds.
Civ guide
Turks
Perfil
Jugador #14608368